NWL (28 & UNDER)
RED DEER WRANGLERS @ CASPER GHOSTS
09/15/2029
 
TOP OF THE 1ST
Red Deer Wranglers batting - Pitching for Casper Ghosts : RHP Larry Jenkins
Pitching: RHP Larry Jenkins
Batting: RHB Julián García 0-0: Ball
1-0: Foul Ball, location: 2F
1-1: Foul Ball, location: 2F
1-2: Foul Ball, location: 2F
1-2: Ball
2-2: Foul Ball, location: 2F
2-2: Ball
3-2: Base on Balls
Batting: SHB Robbie Rhodes 0-0: Called Strike
0-1: Ball
1-1: Ground out 4-3 (Groundball, 4S)
Julián García to second
Batting: RHB Steve Burton 0-0: Ball
1-0: 2-RUN HOME RUN (Flyball, 78XD), Distance : 435 ft
Batting: LHB Jorge Olvera 0-0: Called Strike
0-1: Called Strike
0-2: Foul Ball, location: 2F
0-2: Ball
1-2: Fly out, F6 (Popup, 6M)
Batting: RHB Pedro Cabrera 0-0: Fly out, F8 (Flyball, 8RS)
Top of the 1st over - 2 runs, 1 hit, 0 errors, 0 left on base; Red Deer 2 - Casper 0
BOTTOM OF THE 1ST
Casper Ghosts batting - Pitching for Red Deer Wranglers : RHP Luis Costa
Pitching: RHP Luis Costa
Batting: RHB Troy Reed 0-0: Called Strike
0-1: Ball
1-1: Foul Ball, location: 2F
1-2: Ground out 5-3 (Groundball, 56S)
Batting: LHB Ramón Córdova 0-0: Ball
1-0: Ground out U3 (Groundball, 3L)
Batting: RHB Paul Richard 0-0: Ground out 6-3 (Groundball, 6)
Bottom of the 1st over - 0 runs, 0 hits, 0 errors, 0 left on base; Red Deer 2 - Casper 0
TOP OF THE 2ND
Red Deer Wranglers batting - Pitching for Casper Ghosts : RHP Larry Jenkins
Batting: RHB Joe Lewis 0-0: Foul Ball, location: 2F
0-1: Foul Ball, location: 2F
0-2: Ball
1-2: Foul Ball, location: 2F
1-2: Foul Ball, location: 2F
1-2: Fly out, F9 (Flyball, 9S)
Batting: RHB Xavier López 0-0: Ball
1-0: Ball
2-0: Ball
3-0: Base on Balls
Batting: LHB Héctor Santos 0-0: Called Strike
0-1: Ball
1-1: Ball
Xavier López steals 2nd base
2-1: Foul Ball, location: 2F
2-2: DOUBLE (Line Drive, 7LM)
Xavier López scores
Batting: RHB Allen Brown 0-0: Ball
1-0: Called Strike
1-1: SINGLE (Line Drive, 78M)
Héctor Santos to third
Batting: RHB Julián García 0-0: Ball
1-0: SINGLE (Groundball, 56D)
Héctor Santos scores
Allen Brown to second
Batting: SHB Robbie Rhodes 0-0: Ball
1-0: Called Strike
1-1: Called Strike
1-2: Strikes out looking
Batting: RHB Steve Burton 0-0: Ball
1-0: Ball
2-0: Ball
3-0: Base on Balls
Allen Brown to third
Julián García to second
Batting: LHB Jorge Olvera 0-0: Foul Ball, location: 2F
0-1: Ball
1-1: Ball
2-1: Foul Ball, location: 2F
2-2: Ball
3-2: Ground out 4-3 (Groundball, 4)
Top of the 2nd over - 2 runs, 3 hits, 0 errors, 3 left on base; Red Deer 4 - Casper 0
BOTTOM OF THE 2ND
Casper Ghosts batting - Pitching for Red Deer Wranglers : RHP Luis Costa
Batting: LHB Luis Rodríguez 0-0: Called Strike
0-1: Ball
1-1: Called Strike
1-2: Strikes out swinging
Batting: RHB Robert Acosta 0-0: Ground out 6-3 (Groundball, 6)
Batting: RHB Miguel Toro 0-0: Swinging Strike
0-1: Called Strike
0-2: Foul Ball, location: 2F
0-2: Ball
1-2: Foul Ball, location: 2F
1-2: Ball
2-2: Foul Ball, location: 2F
2-2: Strikes out swinging
Bottom of the 2nd over - 0 runs, 0 hits, 0 errors, 0 left on base; Red Deer 4 - Casper 0
TOP OF THE 3RD
Red Deer Wranglers batting - Pitching for Casper Ghosts : RHP Larry Jenkins
Batting: RHB Pedro Cabrera 0-0: Ball
1-0: Ball
2-0: Foul Ball, location: 2F
2-1: Swinging Strike
2-2: Ball
3-2: SINGLE (Line Drive, 7S)
Batting: RHB Joe Lewis 0-0: Called Strike
0-1: Ball
1-1: Swinging Strike
1-2: Foul Ball, location: 2F
1-2: SINGLE (Groundball, 6MD)
Pedro Cabrera to second
Runner from 2nd tries for 3rd, SAFE, throw made to third
Batting: RHB Xavier López 0-0: Called Strike
0-1: Ball
1-1: Fielders Choice at 2nd, 6-4 (Groundball, 6)
Pedro Cabrera scores
Now at 3B: Peter Bryant
Batting: LHB Héctor Santos 0-0: Ball
1-0: Swinging Strike
1-1: Ball
2-1: Ball
3-1: Called Strike
3-2: Foul Ball, location: 2F
3-2: SINGLE (Line Drive, 4M)
Xavier López to second
Batting: RHB Allen Brown 0-0: Ball
1-0: Ball
2-0: SINGLE (Line Drive, 9S)
Xavier López to third
Héctor Santos to second
Runner from 3rd tries for Home, SAFE, no throw
Batting: RHB Julián García 0-0: Ground out 5-3 (Groundball, 56S)
Héctor Santos to third
Allen Brown to second
Batting: SHB Robbie Rhodes 0-0: Called Strike
0-1: Foul Ball, location: 2F
0-2: Foul Ball, location: 2F
0-2: SINGLE (Groundball, 34D)
Héctor Santos scores
Allen Brown to third
Runner from 3rd tries for Home, SAFE, no throw
Batting: RHB Steve Burton 0-0: Ball
Robbie Rhodes is caught stealing 2nd base
Top of the 3rd over - 4 runs, 5 hits, 0 errors, 0 left on base; Red Deer 8 - Casper 0
BOTTOM OF THE 3RD
Casper Ghosts batting - Pitching for Red Deer Wranglers : RHP Luis Costa
Batting: SHB José González 0-0: Ball
1-0: Ball
2-0: Called Strike
2-1: Called Strike
2-2: Foul Ball, location: 2F
2-2: Fly out, F8 (Flyball, 78M)
Batting: RHB Jerry Browning 0-0: SOLO HOME RUN (Flyball, 78XD), Distance : 417 ft
Batting: RHB Hunter Plunket 0-0: Ball
1-0: Ball
2-0: Fly out, F8 (Flyball, 8RXD)
Batting: RHB Troy Reed 0-0: Ground out 4-3 (Groundball, 4MS)
Bottom of the 3rd over - 1 run, 1 hit, 0 errors, 0 left on base; Red Deer 8 - Casper 1
TOP OF THE 4TH
Red Deer Wranglers batting - Pitching for Casper Ghosts : RHP Larry Jenkins
Batting: RHB Steve Burton 0-0: Foul Ball, location: 2F
0-1: Swinging Strike
0-2: Ball
1-2: Ball
2-2: Strikes out swinging
Batting: LHB Jorge Olvera 0-0: Foul Ball, location: 2F
0-1: Ball
1-1: Ball
2-1: Foul Ball, location: 2F
2-2: Foul Ball, location: 2F
2-2: Strikes out swinging
Batting: RHB Pedro Cabrera 0-0: Called Strike
0-1: Called Strike
0-2: Ground out 4-3 (Groundball, 34)
Top of the 4th over - 0 runs, 0 hits, 0 errors, 0 left on base; Red Deer 8 - Casper 1
BOTTOM OF THE 4TH
Casper Ghosts batting - Pitching for Red Deer Wranglers : RHP Luis Costa
Batting: LHB Ramón Córdova 0-0: Foul Ball, location: 2F
0-1: Ball
1-1: Foul Ball, location: 2F
1-2: Ball
2-2: Ball
3-2: Foul Ball, location: 2F
3-2: Foul Ball, location: 2F
3-2: Base on Balls
Batting: RHB Paul Richard 0-0: Foul Ball, location: 2F
0-1: Swinging Strike
0-2: Ball
1-2: Strikes out swinging
Batting: LHB Luis Rodríguez 0-0: Ball
1-0: Called Strike
1-1: Ball
2-1: Foul Ball, location: 2F
2-2: Ball
3-2: Fly out, F8 (Flyball, 8LD)
Batting: RHB Robert Acosta 0-0: Ball
1-0: Foul Ball, location: 2F
1-1: Foul Ball, location: 2F
1-2: Strikes out swinging
Bottom of the 4th over - 0 runs, 0 hits, 0 errors, 1 left on base; Red Deer 8 - Casper 1
TOP OF THE 5TH
Red Deer Wranglers batting - Pitching for Casper Ghosts : RHP Larry Jenkins
Batting: RHB Joe Lewis 0-0: Called Strike
0-1: Called Strike
0-2: Ball
1-2: Fly out, F9 (Flyball, 9S)
Batting: RHB Xavier López 0-0: Called Strike
0-1: Ball
1-1: Called Strike
1-2: Ball
2-2: Ball
3-2: Reached on error, E5 (Groundball, 5)
Batting: LHB Héctor Santos 0-0: Foul Ball, location: 2F
0-1: Called Strike
Xavier López steals 2nd base
0-2: 2-RUN HOME RUN (Flyball, 89XD), Distance : 430 ft
Pitching: RHP Jack Hampton
Batting: RHB Allen Brown 0-0: Ground out 1-3 (Groundball, P)
Batting: RHB Julián García 0-0: Ball
1-0: Foul Ball, location: 2F
1-1: Ball
2-1: Called Strike
2-2: Strikes out swinging
Top of the 5th over - 2 runs, 1 hit, 1 error, 0 left on base; Red Deer 10 - Casper 1
BOTTOM OF THE 5TH
Casper Ghosts batting - Pitching for Red Deer Wranglers : RHP Luis Costa
Batting: RHB Peter Bryant 0-0: Called Strike
0-1: Called Strike
0-2: Ball
1-2: Ball
2-2: Ground out 5-3 (Groundball, 56S)
Batting: SHB José González 0-0: Ball
1-0: Ball
2-0: Foul Ball, location: 2F
2-1: Foul Ball, location: 2F
2-2: Ball
3-2: Base on Balls
Batting: RHB Jerry Browning 0-0: Called Strike
0-1: Called Strike
0-2: Ball
1-2: Strikes out looking
Batting: RHB Hunter Plunket 0-0: Called Strike
José González steals 2nd base
0-1: Fly out, F9 (Flyball, 9S)
Bottom of the 5th over - 0 runs, 0 hits, 0 errors, 1 left on base; Red Deer 10 - Casper 1
TOP OF THE 6TH
Red Deer Wranglers batting - Pitching for Casper Ghosts : RHP Jack Hampton
Batting: SHB Robbie Rhodes 0-0: Ball
1-0: Foul Ball, location: 2F
1-1: SINGLE (Groundball, 3D)
Batting: RHB Steve Burton 0-0: Called Strike
0-1: Foul Ball, location: 2F
0-2: Ball
1-2: Ball
2-2: Fly out, F9 (Flyball, 9S)
Batting: LHB Jorge Olvera 0-0: Swinging Strike
0-1: Ball
1-1: Foul Ball, location: 2F
1-2: Ball
2-2: Strikes out swinging
Batting: RHB Pedro Cabrera 0-0: Called Strike
0-1: Foul Ball, location: 2F
0-2: Ball
1-2: Ground out 1-3 (Groundball, 15S)
Top of the 6th over - 0 runs, 1 hit, 0 errors, 1 left on base; Red Deer 10 - Casper 1
BOTTOM OF THE 6TH
Casper Ghosts batting - Pitching for Red Deer Wranglers : RHP Luis Costa
Batting: RHB Troy Reed 0-0: Foul Ball, location: 2F
0-1: Ball
1-1: Ball
2-1: Ground out 4-3 (Groundball, 4)
Batting: LHB Ramón Córdova 0-0: Ball
1-0: Ball
2-0: Ball
3-0: Called Strike
3-1: Swinging Strike
3-2: Strikes out swinging
Batting: RHB Paul Richard 0-0: Called Strike
0-1: Called Strike
0-2: Strikes out swinging
Bottom of the 6th over - 0 runs, 0 hits, 0 errors, 0 left on base; Red Deer 10 - Casper 1
TOP OF THE 7TH
Red Deer Wranglers batting - Pitching for Casper Ghosts : RHP Jack Hampton
Batting: RHB Joe Lewis 0-0: Foul Ball, location: 2F
0-1: Foul Ball, location: 2F
0-2: Ball
1-2: Strikes out swinging
Batting: RHB Xavier López 0-0: Called Strike
0-1: Ball
1-1: Ball
2-1: Foul Ball, location: 2F
2-2: Ball
3-2: Base on Balls
Batting: LHB Héctor Santos 0-0: Ball
1-0: Called Strike
Xavier López is caught stealing 2nd base
1-1: Ground out 4-3 (Groundball, 34D)
Top of the 7th over - 0 runs, 0 hits, 0 errors, 0 left on base; Red Deer 10 - Casper 1
BOTTOM OF THE 7TH
Casper Ghosts batting - Pitching for Red Deer Wranglers : RHP Luis Costa
Batting: LHB Luis Rodríguez 0-0: Called Strike
0-1: Foul Ball, location: 2F
0-2: Ball
1-2: Foul Ball, location: 2F
1-2: SINGLE (Groundball, 4MD)
Batting: RHB Robert Acosta 0-0: Ball
1-0: Foul Ball, location: 2F
1-1: Called Strike
1-2: Ball
2-2: Ball
3-2: Fly out, F3 (Line Drive, 34)
Lined into DP, U3 (Line Drive, 34)
Batting: RHB Peter Bryant 0-0: Ball
1-0: Ball
2-0: Foul Ball, location: 2F
2-1: Ball
3-1: SINGLE (Groundball, 4MD)
Pitching: LHP Macy Catron
Batting: SHB José González 0-0: Ball
1-0: Ball
2-0: Fly out, F7 (Flyball, 7D)
Bottom of the 7th over - 0 runs, 2 hits, 0 errors, 1 left on base; Red Deer 10 - Casper 1
TOP OF THE 8TH
Red Deer Wranglers batting - Pitching for Casper Ghosts : RHP Jack Hampton
Batting: RHB Allen Brown 0-0: Ball
1-0: Called Strike
1-1: Ball
2-1: Ball
3-1: Swinging Strike
3-2: Base on Balls
Batting: RHB Julián García 0-0: Called Strike
0-1: Ball
1-1: Swinging Strike
1-2: Strikes out swinging
Batting: SHB Robbie Rhodes 0-0: Called Strike
0-1: Foul Ball, location: 2F
0-2: Foul Ball, location: 2F
0-2: Fly out, F6 (Popup, 6)
Batting: RHB Steve Burton 0-0: Called Strike
0-1: Ball
1-1: Fly out, F7 (Flyball, 7)
Top of the 8th over - 0 runs, 0 hits, 0 errors, 1 left on base; Red Deer 10 - Casper 1
BOTTOM OF THE 8TH
Casper Ghosts batting - Pitching for Red Deer Wranglers : LHP Macy Catron
Batting: RHB Jerry Browning 0-0: Called Strike
0-1: Called Strike
0-2: Strikes out swinging
Batting: RHB Hunter Plunket 0-0: Ball
1-0: Foul Ball, location: 2F
1-1: Reached on error, E6 (Groundball, 6)
Batting: RHB Troy Reed 0-0: Fielders Choice at 2nd, 3-6 (Groundball, 34)
Batting: LHB Ramón Córdova 0-0: Ball
1-0: Foul Ball, location: 2F
1-1: DOUBLE (Line Drive, 78D)
Troy Reed to third
Runner from 3rd tries for Home, SAFE, no throw
Batting: RHB Paul Richard 0-0: Called Strike
0-1: Foul Ball, location: 2F
0-2: Strikes out swinging
Bottom of the 8th over - 1 run, 1 hit, 1 error, 1 left on base; Red Deer 10 - Casper 2
TOP OF THE 9TH
Red Deer Wranglers batting - Pitching for Casper Ghosts : RHP Jack Hampton
Batting: LHB Jorge Olvera 0-0: Ball
1-0: Called Strike
1-1: Foul Ball, location: 2F
1-2: Strikes out swinging, 2-3 out at first.
Batting: RHB Pedro Cabrera 0-0: SOLO HOME RUN (Flyball, 7LD), Distance : 382 ft
Batting: RHB Joe Lewis 0-0: Ball
1-0: Ground out 4-3 (Groundball, 4D)
Batting: RHB Xavier López 0-0: Ball
1-0: Called Strike
1-1: Called Strike
1-2: Foul Ball, location: 2F
1-2: Fly out, F9 (Flyball, 9LS)
Top of the 9th over - 1 run, 1 hit, 0 errors, 0 left on base; Red Deer 11 - Casper 2
BOTTOM OF THE 9TH
Casper Ghosts batting - Pitching for Red Deer Wranglers : LHP Macy Catron
Batting: LHB Luis Rodríguez 0-0: Ball
1-0: Ball
2-0: Ball
3-0: Base on Balls
Batting: RHB Robert Acosta 0-0: Called Strike
0-1: Foul Ball, location: 2F
0-2: SINGLE (Groundball, 34S) (infield hit)
Luis Rodríguez to second
Batting: RHB Peter Bryant 0-0: Called Strike
0-1: Ball
1-1: Ball
2-1: Ball
3-1: Base on Balls
Luis Rodríguez to third
Robert Acosta to second
Batting: SHB José González 0-0: Called Strike
0-1: Swinging Strike
0-2: Foul Ball, location: 2F
0-2: Ball
1-2: Fly out, F8 (Flyball, 8RD)
Runner from 3rd tags up, SCORES, no throw
Pitching: RHP Raúl Zumaya
Batting: RHB Jerry Browning 0-0: Called Strike
0-1: Called Strike
0-2: Foul Ball, location: 2F
0-2: Ball
1-2: Fly out, F9 (Line Drive, 89M)
Batting: RHB Hunter Plunket 0-0: Ball
1-0: Ball
2-0: Ball
3-0: SINGLE (Groundball, 56D)
Robert Acosta to third
Peter Bryant to second
Batting: RHB Troy Reed 0-0: Called Strike
0-1: Foul Ball, location: 2F
0-2: Foul Ball, location: 2F
0-2: Ball
1-2: SINGLE (Groundball, 15) (infield hit)
Robert Acosta scores
Peter Bryant to third
Hunter Plunket to second
Batting: LHB Ramón Córdova 0-0: Called Strike
0-1: Ball
1-1: Ball
2-1: Foul Ball, location: 2F
2-2: Ball
3-2: SINGLE (Line Drive, 7S)
Peter Bryant scores
Hunter Plunket to third
Troy Reed to second
Hunter Plunket scores
Troy Reed to third
Batting: RHB Paul Richard 0-0: Ground out U3 (Groundball, 34S)
Bottom of the 9th over - 4 runs, 4 hits, 0 errors, 2 left on base; Red Deer 11 - Casper 6
Saturday, December 16th, 2017 - OOTP Baseball 18.8 Build 76